 Dungeon Crawl Stone Soup version 0.26.1-2-gb8aa6d0cf2 (webtiles) character file.

Game seed: 12788134707893551834

12763 nightchill the Basher (level 11, -4/73 HPs)
             Began as a Gargoyle Fighter on Mar 1, 2021.
             Was a High Priest of Okawaru.
             Slain by a frost giant
             ... wielding a +1 battleaxe of freezing
              (17 damage)
             ... in an ice cave.
             The game lasted 00:28:34 (11684 turns).

nightchill the Basher (Gargoyle Fighter)           Turns: 11684, Time: 00:28:35

Health: -4/73      AC: 26    Str: 21    XL:     11   Next: 98%
Magic:  13/18      EV:  9    Int: 11    God:    Okawaru [*****.]
Gold:   284        SH: 11    Dex: 15    Spells: 10/10 levels left

rFire    + . .     SeeInvis .   a - +0 morningstar (drain)
rCold    . . .     Faith    .   c - +0 kite shield
rNeg     + . .     Spirit   .   L - +2 chain mail {rF+}
rPois    ∞         Reflect  .   u - +2 helmet
rElec    +         Harm     .   (no cloak)
rCorr    .         Rampage  +   (no gloves)
Will     .....                  T - +1 pair of boots {rampage}
Stlth    ..........             j - amulet of the acrobat
HPRegen  0.22/turn              l - +6 ring of dexterity
MPRegen  0.16/turn              (no ring)

@: heroism, finesse
A: negative energy resistance 1, electricity resistance, unbreathing,
petrification resistance, miasma immunity, AC +8
a: Renounce Religion, Heroism, Finesse


You were in an ice cave.
You worshipped Okawaru.
Okawaru was extremely pleased with you.
You visited 2 branches of the dungeon, and saw 12 of its levels.
You also visited: Ice Cave.

You collected 832 gold pieces.
You spent 548 gold pieces at shops.

Inventory:

Hand Weapons
 a - a +0 morningstar of draining (weapon)
 b - a +1 vampiric short sword
 d - a +5 mace
 p - a +2 hand crossbow of flaming
 H - a +1 flail
 K - a +1 dagger of electrocution
 S - a +0 fustibalus
Missiles
 g - 360 stones (quivered)
 m - a throwing net
 n - 56 poisoned darts
 y - 5 javelins
Armour
 c - a +0 kite shield (worn)
 k - a +0 ring mail
 q - a +0 scale mail
 s - a +0 plate armour
 u - a +2 helmet (worn)
 L - a +2 chain mail of fire resistance (worn)
 T - a +1 pair of boots of rampaging (worn)
Jewellery
 j - an amulet of the acrobat (around neck)
 l - a +6 ring of dexterity (left hand)
Wands
 z - a wand of iceblast (11)
 A - a wand of flame (59)
 G - a wand of random effects (37)
 M - a wand of acid (15)
Scrolls
 f - 4 scrolls of magic mapping
 h - 5 scrolls of enchant weapon
 i - 6 scrolls of remove curse
 o - 2 scrolls of amnesia {unknown}
 r - 4 scrolls of enchant armour {unknown}
 t - a scroll of blinking {unknown}
 D - 3 scrolls of random uselessness {unknown}
 E - a scroll of immolation {unknown}
 F - 2 scrolls of teleportation
 I - 2 scrolls of fog {unknown}
 N - a scroll of identify
 P - a scroll of noise {unknown}
Potions
 e - a potion of invisibility
 v - a potion of mutation
 w - a potion of ambrosia
 x - 2 potions of magic
 B - 2 potions of curing
 C - a potion of heal wounds {unknown}
 J - a potion of attraction {unknown}
 O - a potion of flight {unknown}
 R - 2 potions of lignification {unknown}
Miscellaneous
 Q - a phial of floods


   Skills:
 + Level 10.9(15.9) Fighting
 * Level 13.3(18.3) Maces & Flails
 - Level 3.2(8.2) Armour
 - Level 3.2(8.2) Shields
 + Level 9.8 Invocations


You had 10 spell levels left.
You didn't know any spells.
Your spell library contained the following spells:

 Spells                   Type           Power        Failure   Level
 Magic Dart               Conj           0%           99%         1
 Sandblast                Erth           0%           99%         1
 Shock                    Conj/Air       0%           99%         1
 Blink                    Tloc           N/A          100%        2
 Call Imp                 Summ           0%           100%        2
 Passwall                 Tmut/Erth      0%           100%        2
 Slow                     Hex            0%           100%        2
 Swiftness                Air            0%           100%        2
 Conjure Flame            Conj/Fire      0%           100%        3
 Mephitic Cloud           Conj/Pois/Air  0%           100%        3
 Static Discharge         Conj/Air       0%           100%        3
 Stone Arrow              Conj/Erth      0%           100%        3
 Airstrike                Air            0%           100%        4
 Petrify                  Tmut/Erth      0%           100%        4
 Lee's Rapid Deconstruct  Erth           0%           100%        5
 Lightning Bolt           Conj/Air       0%           100%        5


Dungeon Overview and Level Annotations

Branches:
Dungeon (11/15)            Temple (1/1) D:4            Lair (0/6) D:10
    Orc (0/2) D:9           IceCv (1/1)

Altars:
Ashenzari
Cheibriados
Dithmenos
Elyvilon
Fedhas
Gozag
Hepliaklqana
Kikubaaqudgha
Makhleb
Nemelex Xobeh
Okawaru
Qazlal
Ru
Sif Muna
Trog
Uskayaw
Vehumet
Wu Jian
Xom
Yredelemnul
Zin
The Shining One

Shops:
D:7 [   D:9 [(:?   D:10 ??

Annotations:
D:8 2 transporters, exclusion: 2 doors


Innate Abilities, Weirdness & Mutations

You are resistant to torment.
Your stone body is resilient. (AC +8)
You are immune to poison.
You resist negative energy. (rN+)
You are resistant to electric shocks. (rElec)
You can survive without breathing.
You are immune to petrification.
You are immune to miasma.


Message History

The frost giant is heavily wounded.
The frost giant casts a spell at you. The bolt of cold hits you!!!
Ouch! That really hurt!
You hit the frost giant. You drain the frost giant.
The frost giant is heavily wounded.
The frost giant hits you but does no damage.
You completely miss the frost giant.
The frost giant is heavily wounded.
You puncture the frost giant!
The frost giant is heavily wounded.
The frost giant hits you with a +1 battleaxe of freezing!
* * * LOW HITPOINT WARNING * * *
The frost giant freezes you.
* * * LOW HITPOINT WARNING * * *
You hit the frost giant. You drain the frost giant.
The frost giant is severely wounded.
You can now deal lightning-fast blows.
The frost giant hits you with a +1 battleaxe of freezing!
You die...

### ######## ########
††######......## ##.☼°≈..##
##≈≈##..##.....####..###...##
###≈≈≈######....#...###..⌠..#
####≈≈≈#≈≈≈####...### ##..°##
.##≈≈≈≈≈≈≈##..####### #..###
##≈≈≈≈≈≈≈##.#(####..####..#
##≈≈≈≈≈≈≈≈≈≈.#.#@.##.#..###
.#≈≈≈≈≈≈≈≈#.##hC#####.###
.##≈≈≈≈≈≈##.Yh### ###
..##≈≈≈###..### ###*≈≈≈*#..##
#*≈≈≈≈**##..#** #*≈≈≈≈≈*
##...*** #≈≈≈≈≈≈* *#.h..***
*≈≈≈≈≈≈* *#.Yhh.**


You could see a frost giant (drained), 2 polar bears and a yak.

Vanquished Creatures
  3 two-headed ogres
  A cyclops (D:9)
  Maggie (D:8)
  A rime drake (IceCv)
  4 polar bears (IceCv)
  2 trolls
  Grinder (D:5)
  A wyvern (D:6)
  23 yaks (IceCv)
  A steam dragon (D:7)
  Menkaure (D:6)
  A water moccasin (D:8)
  A phantom (D:7)
  11 ice beasts
  3 orc warriors
  3 ogres
  A necrophage (D:5)
  9 wolves (IceCv)
  A centaur (D:5)
  2 bullfrogs
  2 big kobolds
  A scorpion (D:7)
  A water moccasin skeleton (D:4)
  14 killer bees
  6 wights
  2 howler monkeys
  A crimson imp (D:3)
  2 lava snakes
  A centaur skeleton (D:8)
  2 hounds
  A jelly (D:5)
  4 orc priests
  A bullfrog skeleton (D:5)
  9 orc wizards
  An iguana (D:5)
  6 worker ants
  A killer bee zombie (D:6)
  A hound skeleton (D:4)
  A worker ant zombie (D:4)
  9 adders
  4 gnolls (D:4)
  3 shadow imps
  2 white imps
  An ufetubus (D:7)
  An ooze (D:1)
  2 adder skeletons (D:5)
  7 worms
  3 dart slugs
  4 leopard geckos
  64 orcs
  4 giant cockroaches
  6 goblins
  9 hobgoblins
  6 jackals
  2 quokkas (D:2)
  A ball python (D:1)
  3 bats
  4 frilled lizards
  A giant cockroach zombie (D:5)
  15 kobolds
  A quokka skeleton (D:5)
  4 rats
284 creatures vanquished.

Vanquished Creatures (others)
  2 polar bears (IceCv)
  2 yaks (IceCv)
  A sky beast (D:6)
  4 wolves (IceCv)
  3 plants (D:7)
12 creatures vanquished.

Grand Total: 296 creatures vanquished

Notes
Turn   | Place    | Note
-------+----------+-------------------------------------------
     0 | D:1      | nightchill the Gargoyle Fighter began the quest for the
                  | Orb.
     0 | D:1      | Reached XP level 1. HP: 14/14 MP: 1/1
    35 | D:1      | Reached XP level 2. HP: 15/19 MP: 2/2
   530 | D:1      | Reached skill level 3 in Maces & Flails
   532 | D:1      | Reached XP level 3. HP: 24/24 MP: 3/3
  1158 | D:2      | Reached XP level 4. HP: 22/29 MP: 4/4
  1337 | D:2      | Found a shimmering blue altar of Sif Muna.
  1676 | D:2      | Found a stormy altar of Qazlal.
  1919 | D:2      | Reached skill level 4 in Maces & Flails
  2157 | D:2      | Reached XP level 5. HP: 34/34 MP: 5/5
  2337 | D:3      | Found a snail-covered altar of Cheibriados.
  2928 | D:3      | Found a burning altar of Makhleb.
  3022 | D:3      | Reached skill level 5 in Maces & Flails
  3063 | D:4      | Reached XP level 6. HP: 40/40 MP: 6/6
  3081 | D:4      | Found a staircase to the Ecumenical Temple.
  3089 | Temple   | Entered the Ecumenical Temple
  3356 | Temple   | Became a worshipper of Warmaster Okawaru
  3433 | D:4      | Reached skill level 5 in Fighting
  3586 | D:4      | Reached skill level 1 in Invocations
  4015 | D:4      | Reached XP level 7. HP: 40/44 MP: 8/8
  4134 | D:4      | Reached skill level 6 in Maces & Flails
  4339 | D:5      | Entered Level 5 of the Dungeon
  4440 | D:5      | Reached * piety under Okawaru
  4477 | D:5      | Found a white marble altar of Elyvilon.
  4612 | D:5      | Noticed Grinder
  4618 | D:5      | Paralysed by Grinder for 3 turns
  4625 | D:5      | Killed Grinder
  4626 | D:5      | Reached skill level 7 in Maces & Flails
  4626 | D:5      | Reached XP level 8. HP: 47/51 MP: 10/10
  5193 | D:5      | Found a radiant altar of Vehumet.
  5363 | D:6      | Noticed Menkaure
  5371 | D:6      | Killed Menkaure
  5449 | D:6      | Noticed a two-headed ogre
  5467 | D:6      | Killed a two-headed ogre
  5467 | D:6      | Reached ** piety under Okawaru
  5468 | D:6      | Reached skill level 8 in Maces & Flails
  5468 | D:6      | Reached skill level 5 in Invocations
  5468 | D:6      | Reached XP level 9. HP: 34/57 MP: 12/12
  5634 | D:6      | Reached skill level 9 in Maces & Flails
  6329 | D:7      | Reached *** piety under Okawaru
  6494 | D:7      | Reached skill level 10 in Maces & Flails
  6733 | D:7      | Reached XP level 10. HP: 65/65 MP: 13/15
  7082 | D:7      | Found Geyfi's Antique Armour Shop.
  7098 | D:7      | Bought a polished kite shield for 228 gold pieces
  7108 | D:7      | Identified the cursed +0 kite shield of Coaf Ryr {-Tele
                  | Dex+6} (You bought it in a shop on level 7 of the Dungeon)
  7192 | D:8      | Noticed Maggie
  7200 | D:8      | Noticed a two-headed ogre
  7219 | D:8      | Killed Maggie
  7219 | D:8      | Reached **** piety under Okawaru
  7237 | D:8      | Killed a two-headed ogre
  7238 | D:8      | Reached skill level 11 in Maces & Flails
  7538 | D:8      | Noticed a boulder beetle
  7539 | D:8      | Found a transporter.
  7561 | D:8      | Found a transporter.
  8201 | D:8      | Found a shadowy altar of Dithmenos.
  8244 | D:8      | Noticed a two-headed ogre
  8258 | D:8      | Killed a two-headed ogre
  8452 | D:9      | Found Anudgh's Antique Armour Shoppe.
  8515 | D:9      | Noticed a cyclops
  8526 | D:9      | Killed a cyclops
  8568 | D:9      | Found Rusuicedd's Magic Scroll Boutique.
  8789 | D:9      | Found a shimmering altar of Xom.
  8827 | D:9      | Reached XP level 11. HP: 67/72 MP: 17/17
  9223 | D:9      | Found a staircase to the Orcish Mines.
  9234 | D:9      | Reached skill level 12 in Maces & Flails
  9300 | D:9      | Found Eruj's Antique Weapon Boutique.
  9552 | D:9      | Found Hal Reku's Book Shop.
  9574 | D:9      | Bought a book of Minor Magic for 320 gold pieces
  9955 | D:10     | Entered Level 10 of the Dungeon
 10058 | D:10     | Found a staircase to the Lair.
 10102 | D:10     | Found Pufus's Magic Scroll Boutique.
 10189 | D:10     | Found Coqumiaf's Magic Scroll Shoppe.
 10312 | D:10     | You fall into a shaft and drop 1 floor!
 10339 | D:11     | Found a frozen archway.
 10359 | D:11     | Reached skill level 10 in Fighting
 10418 | IceCv    | Entered an ice cave
 11419 | IceCv    | Reached ***** piety under Okawaru
 11423 | IceCv    | Reached skill level 13 in Maces & Flails
 11496 | IceCv    | Received a gift from Okawaru
 11660 | IceCv    | Noticed a frost giant
 11684 | IceCv    | Slain by a frost giant

Illustrated notes

Levels and vault maps discovered:
D:1:      mrwooster_arrival_statue_3, layout_rooms, hex_tiny, amethyst_killhole
D:2:      layout_basic, old_standard_altar, lemuel_round_altar,
          kennysheep_generic_room_3
D:3:      layout_loops_ring, cheibriados_altar_1, makhleb_grotto_becter
D:4:      layout_gridville, minmay_temple_entry_sparse_star
D:5:      layout_loops_corners, elyvilon_altar_5, marbit_many_paths,
          uniq_grinder
D:6:      layout_basic, uniq_menkaure
D:7:      minmay_angry_zag, layout_basic, serial_shops,
          nicolae_shop_overgrown_old_shop, eino_small_chamber_without_monster
D:8:      gammafunk_sealed_arena, layout_gridville, overflow_temple_1_default,
          kennysheep_big_empty_room, uniq_maggie
D:9:      layout_layer_cave, xom_teletrap_fun, hiddenorc2_lemuel, serial_shops,
          shop, nicolae_shop_crystal, nicolae_shop_window_shopping, shop,
          kennysheep_cluttered_room, roderic_roman_lattice
D:10:     layout_gridville, lair_entry_dummy, serial_shops, shop_fountains, shop
D:11:     layout_roguey, portal_ice_cave_entry_ice_beasts,
          gauntlet_entry_generic
Temple:   minmay_temple_curvy_branch
IceCv:    ice_cave_caverns_02

Skill      XL: |  1  2  3  4  5  6  7  8  9 10 11 |
---------------+----------------------------------+-----
Maces & Flails | 3 4 5 7 8 10 11 13 | 13.3
Fighting       | 4 5 6 7 8 9 10 | 10.9
Invocations    | 1 3 5 6 8 9 |  9.8
Armour         | |  3.2
Shields        | |  3.2

Action                   |  1- 3 |  4- 6 |  7- 9 | 10-12 || total
-------------------------+-------+-------+-------+-------++-------
Melee: Flail             |   100 |    58 |   319 |   110 ||   587
       Short sword       |       |   296 |       |       ||   296
       Morningstar       |       |       |       |   389 ||   389
Invok: Heroism           |       |       |     6 |    18 ||    24
       Finesse           |       |       |       |     1 ||     1
Evoke: Wand              |       |       |     2 |     2 ||     4
  Use: Scroll            |       |     5 |     4 |     7 ||    16
       Potion            |       |       |     2 |       ||     2
Armor: Scale mail        |    44 |    21 |       |       ||    65
       Plate armour      |       |   204 |   158 |   152 ||   514
       Chain mail        |       |       |       |    85 ||    85
Dodge: Dodged            |    38 |    43 |    62 |   125 ||   268
Block: Kite shield       |    60 |   146 |   148 |   252 ||   606
